 Dungeon Crawl Stone Soup version 0.30.1-11-g7821555f0a (webtiles) character file.

Game seed: 7927590121999697631

37 Cheops the Slasher (level 3, -6/27 HPs)
             Began as a Demonspawn Gladiator on Nov 30, 2023.
             Mangled by Terence
             ... wielding a +1 short sword of electrocution
              (16 damage)
             ... on level 2 of the Dungeon.
             The game lasted 00:05:09 (1306 turns).

Cheops the Slasher (Demonspawn Gladiator)           Turns: 1306, Time: 00:05:10

Health: -6/27      AC: 14    Str: 14    XL:     3   Next: 23%
Magic:  3/3        EV: 10    Int: 11    God:
Gold:   64         SH:  0    Dex: 16    Spells: 2/2 levels left

rFire   . . .        b - +1 short sword (protect)
rCold   . . .        (no shield)
rNeg    . . .        s - +0 scale mail
rPois   .            c - +0 helmet
rElec   .            (no cloak)
rCorr   .            (no gloves)
SInv    .            (no boots)
Will    .....        (no amulet) Stlth
                     (no ring)
HPRegen 0.24/turn    (no ring)
MPRegen 0.08/turn

%: no passive effects
@: under a protective aura
A: demonic guardian 1, big brain 1
a: no special abilities


You were on level 2 of the Dungeon.
You visited 1 branch of the dungeon, and saw 2 of its levels.

You collected 112 gold pieces.
You spent 48 gold pieces at shops.

Inventory:

Hand Weapons
 a - a +0 long sword
 b - a +1 short sword of protection (weapon)
 u - a +0 short sword of flaming
Missiles
 d - 3 throwing nets (quivered)
 e - a javelin
Armour
 c - a +0 helmet (worn)
 s - a +0 scale mail (worn)
 t - a +0 leather armour
Scrolls
 f - 3 scrolls of noise {unknown}
 l - a scroll of identify {unknown}
 q - a scroll of immolation {unknown}
 r - 2 scrolls of teleportation {unknown}
Potions
 g - a potion of berserk rage {unknown}
 h - a potion of cancellation {unknown}
 i - 2 potions of mutation {unknown}
 j - a potion of magic {unknown}
 k - a potion of might
 m - 2 potions of flight {unknown}
 n - a potion of curing {unknown}
 o - a potion of heal wounds {unknown}
 p - 2 potions of haste {unknown}


   Skills:
 - Level 2.0 Fighting
 + Level 4.0 Long Blades
 - Level 1.7 Throwing
 - Level 2.6 Dodging


You had 2 spell levels left.
You didn't know any spells.
Your spell library contained the following spells:

 Spells                   Type           Power      Damage    Failure   Level
 Apportation              Tloc           0%         N/A       85%         1
 Alistair's Intoxication  Tmut/Pois      0%         N/A       100%        5


Dungeon Overview and Level Annotations

Branches:
Dungeon (2/15)

Altars:

Shops:
D:1 *

Annotations:
D:2 Terence


Innate Abilities, Weirdness & Mutations

A weak demonic guardian rushes to your aid.
You have an unusually large brain. (Int +2)


Message History

There is an open door here.
There is an open door here.
There is an open door here.
As you open the door, it creaks loudly!
There is an open door here.
Terence the Incautious comes into view.
He is wielding a +1 short sword of electrocution.
Terence is nearby!
Terence is nearby!
Terence is nearby!
Sorry, you're not good enough to have a special ability.
Your +1 short sword of protection hums with potential!
b - a +1 short sword of protection (weapon)
Terence barely misses you.
You barely miss Terence. Terence hits you but does no damage.
You hit Terence.
Your weapon exudes an aura of protection.
Terence is moderately wounded.
Terence hits you but does no damage.
You are electrocuted!!
Ouch! That really hurt!
* * * LOW HITPOINT WARNING * * *
A demonic guardian appears!
You hit Terence.
Terence is moderately wounded.
Terence hits you but does no damage.
You hit Terence.
Terence is heavily wounded.
You hit Terence.
Terence is severely wounded.
Terence closely misses you.
You hit Terence but do no damage.
Terence is severely wounded.
Terence closely misses you.
Your shadow imp closely misses Terence.
You hit Terence but do no damage.
Terence is severely wounded.
Terence hits you but does no damage.
Your shadow imp closely misses Terence.
You hit Terence but do no damage.
Terence is severely wounded.
Terence hits you but does no damage.
You are electrocuted!
Ouch! That really hurt!
You die...

# . .# #
#####.# ##
#.....## .#
######.......
## #....5@.#
#
#####.####@##
####
#..........#
...#
#.###.###..#
##.# #.# #.#
#..... ##.#
#.###.# #.##
# ##.#
#.##..# #.
...# #.##.##
#.# ####
#.##.####.# #
#.........#


You could see Terence (ally target) and a friendly shadow imp (summoned).

Vanquished Creatures
  An adder (D:2)
  2 dart slugs
  4 endoplasms (D:1)
  A goblin (D:1)
  A hobgoblin (D:1)
  2 quokkas
  3 ball pythons
  2 bats
  2 frilled lizards
  4 kobolds (D:2)
  3 rats (D:2)
25 creatures vanquished.

Notes
Turn   | Place    | Note
-------+----------+-------------------------------------------
     0 | D:1      | Cheops the Demonspawn Gladiator began the quest for the
                  | Orb.
     0 | D:1      | Reached XP level 1. HP: 16/16 MP: 1/1
    45 | D:1      | Reached skill level 3 in Long Blades
   160 | D:1      | Gained mutation: A weak demonic guardian rushes to your
                  | aid. [demonic ancestry]
   160 | D:1      | Reached XP level 2. HP: 17/22 MP: 2/2
   220 | D:1      | Found Biklat's General Store.
   234 | D:1      | Bought a potion of might for 48 gold pieces
   927 | D:2      | Gained mutation: You have an unusually large brain. (Int
                  | +2) [demonic ancestry]
   927 | D:2      | Reached XP level 3. HP: 27/27 MP: 3/3
  1110 | D:2      | Reached skill level 4 in Long Blades
  1296 | D:2      | Noticed Terence
  1306 | D:2      | Mangled by Terence

Illustrated notes

Levels and vault maps discovered:
D:1:      dpeg_arrival_round_b, layout_rooms, serial_shops,
          nicolae_shop_window_shopping
D:2:      layout_loops_corners, uniq_terence

Skill      XL: |  1  2  3 |
---------------+----------+-----
Long Blades    | 3 4 |  4.0
Fighting       | |  2.0
Throwing       | |  1.7
Dodging        | |  2.6

Action                     || total
---------------------------++-------
  Melee: Long sword        ||    56
         Punch             ||     2
         Short sword       ||     8
   Stab: Sleeping          ||     1
         Distracted        ||     1
 Armour: Scale mail        ||    23
         Leather armour    ||     1
  Dodge: Dodged            ||    39
